 Dungeon Crawl Stone Soup version 0.30-a0-1050-g2766ea1e55 (webtiles) character file.

Game seed: 12084068209886951271

466 Ic0nGaming the Slicer (level 7, -1/41 HPs)
             Began as a Kobold Fighter on Apr 10, 2023.
             Killed by divine providence
             ... invoked by an orc priest
              (13 damage)
             ... on level 4 of the Dungeon.
             The game lasted 00:05:36 (3795 turns).

Ic0nGaming the Slicer (Kobold Fighter)              Turns: 3795, Time: 00:05:37

Health: -1/41      AC:  9    Str: 14    XL:     7   Next: 30%
Magic:  7/7        EV: 12    Int:  9    God:
Gold:   189        SH:  5    Dex: 22    Spells: 6/6 levels left

rFire   . . .      SeeInvis .    a - +1 rapier
rCold   . . .      Faith    .    c - +0 buckler
rNeg    . . .      Spirit   .    l - +0 leather armour
rPois   .          Reflect  .    b - +0 helmet
rElec   .          Rampage  .    m - +2 cloak
rCorr   .                        e - +1 pair of gloves
Will    .....                    (no boots)
Stlth   ++++                     (no amulet)
HPRegen 0.26/turn                k - +6 ring of dexterity
MPRegen 0.10/turn                (no ring)

@: no status effects
A: small, no large weapons, nightstalker 3
a: no special abilities


You were on level 4 of the Dungeon.
You visited 1 branch of the dungeon, and saw 4 of its levels.

You collected 189 gold pieces.

Inventory:

Hand Weapons
 a - a +1 rapier (weapon)
Armour
 b - a +0 helmet (worn)
 c - a +0 buckler (worn)
 e - a +1 pair of gloves (worn)
 l - a +0 leather armour (worn)
 m - a +2 cloak (worn)
Jewellery
 j - an amulet of magic regeneration
 k - a +6 ring of dexterity (left hand)
Wands
 o - a wand of digging (4)
Scrolls
 d - a scroll of teleportation
 n - a scroll of amnesia
 p - a scroll of fear
Potions
 f - a potion of brilliance
 g - a potion of cancellation
 h - 4 potions of curing
 i - 2 potions of lignification
 q - a potion of flight


   Skills:
 - Level 3.2 Fighting
 * Level 8.5 Short Blades
 - Level 2.4 Armour
 + Level 4.9 Stealth
 - Level 2.4 Shields


You had 6 spell levels left.
You didn't know any spells.
Your spell library was empty.

Dungeon Overview and Level Annotations

Branches:
Dungeon (4/15)
 Temple: D:4-7

Altars:
Gozag
The Shining One

Annotations:
D:3 1 transporter, atomjack's ghost, amateur DsFE


Innate Abilities, Weirdness & Mutations

You are small and have problems with some larger weapons.
You are completely attuned to the shadows.


Message History

An orc wizard comes into view. It is wielding a +0 dagger.
The helpless orc fails to defend itself.
You spit the orc like a pig!!!
You kill the orc!
The orc shouts! x2; The orc priest shouts!
The orc wizard shouts!
The orc wizard casts a spell.
The orc wizard flickers and vanishes!
Deactivating autopickup; reactivate with Ctrl-A.
The orc priest hits you with a +0 club. You block the orc's attack.
You see here a +0 mace.
You puncture the orc priest!
The orc priest is severely wounded.
The orc priest hits you but does no damage.
The orc barely misses you.
You barely miss the orc priest.
The orc priest is severely wounded.
The orc completely misses you.
The orc priest begins to cast a cantrip, but forgets the words!
You hit the orc priest but do no damage.
The orc priest is severely wounded.
The orc hits you with a +0 war axe.
You hit something. The orc hits you with a +0 war axe.
The orc priest miscasts a cantrip.
You hit the orc.
The orc is severely wounded.
Unknown command.
You puncture something!
You hear some strange, mumbled words.
A puff of flame appears from out of thin air!
The puff of flame hits you. The orc hits you with a +0 war axe!
You puncture the orc!
You kill the orc!
Something hits you but does no damage.
The orc priest mumbles some strange prayers to Beogh against you.
Beogh smites you!
* * * LOW HITPOINT WARNING * * *
Something hits you but does no damage.
The orc priest calls down the wrath of Beogh upon you.
Beogh smites you!
You die...

#.###.#.#[>.## #.#
#.#.###...
#.###.#.###..#
.#####............#
.....†..##....###.#
#######.......###..
#o##..............
##o###...........##
#{@###...........##
###)###.............#
#....$#.....÷........
#.#.###............>.
#.._..###........##..
###.#.###........##..
#.....##..........###
###.####..........#
#..###..........#


You could see an orc priest and an orc.

Vanquished Creatures
  A black bear (D:4)
  A phantom (D:4)
  Jessica (D:2)
  An iguana (D:4)
  Natasha (thrice) (D:2)
  7 adders
  A shadow imp (D:4)
  2 ufetubi (D:4)
  2 worms (D:3)
  2 dart slugs
  5 orcs
  11 ball pythons
  10 endoplasms
  5 goblins
  4 hobgoblins
  4 jackals (D:4)
  10 kobolds
  4 quokkas
  7 bats
  3 frilled lizards
  6 rats
90 creatures vanquished.

Notes
Turn   | Place    | Note
-------+----------+-------------------------------------------
     0 | D:1      | Ic0nGaming the Kobold Fighter began the quest for the Orb.
     0 | D:1      | Reached XP level 1. HP: 14/14 MP: 1/1
    70 | D:1      | Reached skill level 3 in Short Blades
   182 | D:1      | Reached XP level 2. HP: 15/19 MP: 2/2
   356 | D:1      | Reached skill level 4 in Short Blades
   510 | D:1      | Reached XP level 3. HP: 23/23 MP: 3/3
  1050 | D:1      | Reached skill level 5 in Short Blades
  1357 | D:2      | Reached XP level 4. HP: 26/28 MP: 4/4
  1515 | D:2      | Noticed Natasha
  1526 | D:2      | Killed Natasha
  1527 | D:2      | Reached skill level 1 in Stealth
  1538 | D:2      | Noticed Natasha
  1544 | D:2      | Killed Natasha
  1545 | D:2      | Reached skill level 6 in Short Blades
  1545 | D:2      | Reached XP level 5. HP: 29/32 MP: 5/5
  1659 | D:2      | Found a faded altar of an unknown god.
  1751 | D:2      | Noticed Natasha
  1764 | D:2      | Killed Natasha
  2035 | D:2      | Noticed Jessica
  2039 | D:2      | Killed Jessica
  2242 | D:3      | Found a transporter.
  2337 | D:3      | Noticed an ogre
  2339 | D:3      | Noticed atomjack's ghost (amateur DsFE)
  2342 | D:3      | Noticed an ogre
  2543 | D:3      | Reached XP level 6. HP: 37/37 MP: 6/6
  2547 | D:3      | Found a glowing golden altar of the Shining One.
  2926 | D:3      | Reached skill level 7 in Short Blades
  3310 | D:4      | Noticed a black bear
  3352 | D:4      | Killed a black bear
  3385 | D:4      | Reached skill level 8 in Short Blades
  3515 | D:4      | Reached XP level 7. HP: 40/41 MP: 7/7
  3773 | D:4      | Found an opulent altar of Gozag.
  3795 | D:4      | Killed from afar by an orc priest

Illustrated notes

Levels and vault maps discovered:
D:1:      nicolae_arrival_somewhat_less_tricky_arrival, layout_basic,
          minmay_small_reverse_x
D:2:      layout_rooms, basic_ecumenical_altar, minmay_misc_feat_alley,
          nrook_mini_vaults, uniq_jessica, uniq_natasha
D:3:      layout_basic, overflow_temple_1_default, gammafunk_ghost_smash
D:4:      layout_rooms, nicolae_gozag_cash_rules_everything_around_me,
          patterned_corridor

Skill      XL: |  1  2  3  4  5  6 |
---------------+-------------------+-----
Short Blades   | 3 4 5 6 8 |  8.5
Stealth        | 1 3 4 |  4.9
Fighting       | |  3.2
Armour         | |  2.4
Shields        | |  2.4

Action                     |  1- 3 |  4- 6 |  7- 9 || total
---------------------------+-------+-------+-------++-------
  Melee: Rapier            |    97 |   103 |    23 ||   223
    Use: Scroll            |       |     8 |     3 ||    11
         Potion            |       |     2 |       ||     2
   Stab: Sleeping          |     3 |    27 |     1 ||    31
         Distracted        |       |     1 |     1 ||     2
 Armour: Scale mail        |    38 |       |       ||    38
         Leather armour    |       |    31 |     7 ||    38
  Dodge: Dodged            |    33 |    48 |     9 ||    90
  Block: Buckler           |    24 |    25 |     1 ||    50

Table legend: (Time is in decaauts)
 A = Elapsed time spent in this place.
 B = Non-inter-level travel time spent in this place.
 C = Inter-level travel time spent in this place.
 D = Time resting spent in this place.
 E = Time spent auto-exploring this place.
 F = Levels seen in this place.
 G = Mean time per level.
                   A        B        C        D        E       F      G
               +--------+--------+--------+--------+--------+-----+--------+
         Total |   3787 |   3623 |    164 |    169 |   2761 |   4 |  946.8 |
       Dungeon |   3787 |   3623 |    164 |    169 |   2761 |   4 |  946.8 |
               +--------+--------+--------+--------+--------+-----+--------+

Top non-repeatable levels by time:
     D:1: 1409 daAuts
     D:3: 1085 daAuts
     D:2: 764 daAuts
     D:4: 528 daAuts
